 Dungeon Crawl Stone Soup version 0.28-a0-46-g7b1be97da7 (webtiles) character file.

Game seed: 17207194005142238869

62 MirrMurr the Thrower (level 4, -6/38 HPs)
             Began as a Gnoll Hunter on July 29, 2021.
             Mangled by a goblin (7 damage)
             ... led by Robin
             ... on level 2 of the Dungeon.
             The game lasted 00:02:15 (1681 turns).

MirrMurr the Thrower (Gnoll Hunter)                 Turns: 1681, Time: 00:02:15

Health: -6/38      AC:  0    Str: 11    XL:     4   Next: 8%
Magic:  5/5        EV: 13    Int: 12    God:
Gold:   4          SH:  0    Dex: 12    Spells: 5/5 levels left

rFire   . . .      SeeInvis .   a - +0 short sword
rCold   . . .      Faith    .   (no shield)
rNeg    . . .      Spirit   .   (no armour)
rPois   .          Reflect  .   (no helmet)
rElec   .          Harm     .   (no cloak)
rCorr   .          Rampage  .   (no gloves)
Will    .....                   (no boots)
Stlth   ++........              (no amulet)
HPRegen 0.12/turn               (no ring)
MPRegen 0.09/turn               (no ring)

@: no status effects
A: fangs 1, strong nose, distributed training
a: no special abilities


You were on level 2 of the Dungeon.
You visited 1 branch of the dungeon, and saw 2 of its levels.

You collected 4 gold pieces.

Inventory:

Hand Weapons
 a - a +0 short sword (weapon)
 h - a +0 hunting sling
Missiles
 c - 6 javelins
 d - 2 throwing nets
 e - 26 stones (quivered)
Armour
 b - a +0 leather armour
 m - a +0 ring mail
Scrolls
 g - a scroll of amnesia {unknown}
 j - 3 scrolls of identify {unknown}
 k - 2 scrolls of enchant armour {unknown}
Potions
 f - a potion of lignification {unknown}
 i - 2 potions of curing {unknown}
 l - a potion of flight {unknown}


   Skills:
 + Level 4.6 Fighting
 + Level 1.0 Short Blades
 + Level 1.0 Long Blades
 + Level 1.0 Axes
 + Level 1.0 Maces & Flails
 + Level 1.0 Polearms
 + Level 1.0 Staves
 + Level 1.0 Slings
 + Level 1.0 Bows
 + Level 1.0 Crossbows
 + Level 8.5 Throwing
 + Level 1.0 Armour
 + Level 4.6 Dodging
 + Level 2.5 Stealth
 + Level 1.0 Shields
 + Level 1.0 Unarmed Combat
 + Level 1.0 Spellcasting
 + Level 0.7 Conjurations
 + Level 0.7 Hexes
 + Level 0.7 Summonings
 + Level 0.7 Necromancy
 + Level 0.7 Translocations
 + Level 0.7 Transmutations
 + Level 0.7 Fire Magic
 + Level 0.7 Ice Magic
 + Level 0.7 Air Magic
 + Level 0.7 Earth Magic
 + Level 0.7 Poison Magic
 + Level 1.1 Invocations
 + Level 1.0 Evocations


You had 5 spell levels left.
You didn't know any spells.
Your spell library was empty.

Dungeon Overview and Level Annotations

Branches:
Dungeon (1/15)

Altars:


Innate Abilities, Weirdness & Mutations

You have very sharp teeth.
Your uncanny sense of smell can sniff out nearby items.
Your experience applies equally to all skills.


Message History

The goblin closely misses you. Robin hits you with a +0 club.
You closely miss Robin.
Robin is severely wounded.
The goblin barely misses you. Robin hits you with a +0 club.
You hit Robin but do no damage. You bite Robin, but do no damage.
Robin is severely wounded.
The goblin barely misses you. Robin hits you with a +0 club.
The goblin misses you.
You barely miss Robin. You bite Robin, but do no damage.
Robin is severely wounded.
Robin hits you with a +0 club. The goblin hits you with a +0 club.
You hit Robin.
Robin is severely wounded.
The goblin hits you with a +0 club.
* * * LOW HITPOINT WARNING * * *
Robin hits you with a +0 club.
* * * LOW HITPOINT WARNING * * *
You hit Robin. You punch Robin, but do no damage.
Robin is almost dead.
The goblin hits you with a +0 club.
* * * LOW HITPOINT WARNING * * *
Robin hits you with a +0 club.
* * * LOW HITPOINT WARNING * * *
Unknown command.
You barely miss Robin.
Robin is almost dead.
A hobgoblin comes into view.
The goblin misses you.
Unknown command.
The hobgoblin shouts!
You hit Robin.
You kill Robin!
You hear a shout!
The goblin closely misses you.
You have reached level 4!
You feel clever.
You barely miss the goblin.
A goblin comes into view. It is wielding a +0 dagger.
The goblin hits you with a +0 club!
You die...

#..#####.##.##
#............#
#.g#.##......####..
#..#..#.###.......#
#..#.#..# #........
#..#.##.# #.#####.#
#..#..##.##.# #
#..######.#†#
#...##@g#.#.#
####.##g#.#.#
##.#g#.#.#
##.g#.#.#
##.#...##########
##..............
##.############ ###


You could see a hobgoblin and 3 goblins.

Vanquished Creatures
  Robin (D:2)
  A worm (D:2)
  3 dart slugs
  4 bats
  2 endoplasms (D:1)
  4 giant cockroaches (D:1)
  3 goblins (D:1)
  2 hobgoblins (D:1)
  9 jackals (D:1)
  3 ball pythons (D:1)
  A kobold (D:1)
  4 rats
37 creatures vanquished.

Notes
Turn   | Place    | Note
-------+----------+-------------------------------------------
     0 | D:1      | MirrMurr the Gnoll Hunter began the quest for the Orb.
     0 | D:1      | Reached XP level 1. HP: 20/20 MP: 1/1
   389 | D:1      | Reached XP level 2. HP: 26/26 MP: 2/2
   921 | D:1      | Reached XP level 3. HP: 26/31 MP: 3/3
  1277 | D:1      | Reached skill level 1 in Invocations
  1313 | D:1      | You fall into a shaft and drop 1 floor!
  1447 | D:2      | Reached skill level 1 in Short Blades
  1447 | D:2      | Reached skill level 1 in Long Blades
  1447 | D:2      | Reached skill level 1 in Axes
  1447 | D:2      | Reached skill level 1 in Maces & Flails
  1447 | D:2      | Reached skill level 1 in Polearms
  1447 | D:2      | Reached skill level 1 in Staves
  1447 | D:2      | Reached skill level 1 in Slings
  1447 | D:2      | Reached skill level 1 in Bows
  1447 | D:2      | Reached skill level 1 in Crossbows
  1447 | D:2      | Reached skill level 1 in Armour
  1447 | D:2      | Reached skill level 1 in Shields
  1447 | D:2      | Reached skill level 1 in Unarmed Combat
  1447 | D:2      | Reached skill level 1 in Spellcasting
  1447 | D:2      | Reached skill level 1 in Evocations
  1645 | D:2      | Noticed Robin
  1678 | D:2      | HP: 1/31 [Robin (3)]
  1680 | D:2      | Killed Robin
  1681 | D:2      | Reached XP level 4. HP: 1/38 MP: 5/5
  1681 | D:2      | Mangled by a goblin

Illustrated notes

Levels and vault maps discovered:
D:1:      co_arrival_square_in_a_square_in_a_square, layout_basic,
          nrook_mini_vaults, minmay_misc_feat_room, chequers_jeans
D:2:      minmay_recursive_quarters, layout_loops_ring, minmay_cut_off,
          uniq_robin, uniq_jessica, uniq_crazy_yiuf_cottage

Skill      XL: |  1  2  3 |
---------------+----------+-----
Invocations    | 1 |  1.1
Short Blades   | 1 |  1.0
Long Blades    | 1 |  1.0
Axes           | 1 |  1.0
Maces & Flails | 1 |  1.0
Polearms       | 1 |  1.0
Staves         | 1 |  1.0
Slings         | 1 |  1.0
Bows           | 1 |  1.0
Crossbows      | 1 |  1.0
Armour         | 1 |  1.0
Shields        | 1 |  1.0
Unarmed Combat | 1 |  1.0
Spellcasting   | 1 |  1.0
Evocations     | 1 |  1.0
Fighting       | |  4.6
Throwing       | |  8.5
Dodging        | |  4.6
Stealth        | |  2.5
Conjurations   | |  0.7
Hexes          | |  0.7
Summonings     | |  0.7
Necromancy     | |  0.7
Translocations | |  0.7
Transmutations | |  0.7
Fire Magic     | |  0.7
Ice Magic      | |  0.7
Air Magic      | |  0.7
Earth Magic    | |  0.7
Poison Magic   | |  0.7

Action                   |  1- 3 |  4- 6 || total
-------------------------+-------+-------++-------
Melee: Short sword       |   168 |     1 ||   169
       Bite              |    22 |       ||    22
       Punch             |     1 |       ||     1
Throw: Javelin           |     1 |       ||     1
 Stab: Sleeping          |     2 |       ||     2
Armor: Leather armour    |    49 |       ||    49
Dodge: Dodged            |   125 |       ||   125

Table legend: (Time is in decaauts)
 A = Elapsed time spent in this place.
 B = Non-inter-level travel time spent in this place.
 C = Inter-level travel time spent in this place.
 D = Time resting spent in this place.
 E = Time spent auto-exploring this place.
 F = Levels seen in this place.
 G = Mean time per level.
                   A        B        C        D        E       F      G
               +--------+--------+--------+--------+--------+-----+--------+
         Total |   1693 |   1693 |      0 |      0 |   1348 |   2 |  846.5 |
       Dungeon |   1693 |   1693 |      0 |      0 |   1348 |   2 |  846.5 |
               +--------+--------+--------+--------+--------+-----+--------+

Top non-repeatable levels by time:
     D:1: 1323 daAuts
     D:2: 369 daAuts
